 Dungeon Crawl Stone Soup version 0.20.1-1-g8b1a95d (webtiles) character file.

559 acidapple the Changer (level 7, -5/71 HPs)
             Began as an Ogre Transmuter on Sept 13, 2017.
             Shot with an arrow by a centaur (10 damage)
             ... on level 4 of the Dungeon.
             The game lasted 00:10:50 (4725 turns).

acidapple the Changer (Ogre Transmuter)             Turns: 4725, Time: 00:10:51

Health: -5/71      AC:  3    Str: 19 (20) XL:     7   Next: 31%
Magic:  12/13      EV:  9    Int: 14 (16) God:
Gold:   157        SH:  0    Dex:  6 (9)  Spells: 4/14 levels left

rFire    . . .     SeeInvis .     - Unarmed
rCold    . . .     Gourm    .   (no shield)
rNeg     . . .     Faith    .   b - +0 robe
rPois    .         Spirit   .   (helmet restricted)
rElec    .         Reflect  .   (no cloak)
rCorr    .         Harm     .   (gloves unavailable)
MR       .....                  (boots unavailable)
Stlth    +.........             (no amulet)
Regen    0.3/turn               (no ring)
MPRegen  0.2/turn               (no ring)

@: mighty
A: unfitting armour, tough skin 1
a: no special abilities


You were on level 4 of the Dungeon.
You were not hungry.

You visited 1 branch of the dungeon, and saw 4 of its levels.

You collected 157 gold pieces.

Inventory:

Missiles
 a - 76 arrows
Armour
 b - a +0 robe (worn)
Scrolls
 e - 2 scrolls of identify
 f - 4 scrolls of teleportation {unknown}
 g - a scroll of amnesia
 j - a scroll of remove curse
 l - a scroll of blinking {unknown}
 m - 2 scrolls of noise {unknown}
 p - 2 scrolls of enchant weapon {unknown}
Potions
 h - a potion of flight
 o - a potion of might
 q - a potion of mutation {unknown}
Books
 c - a book of Changes

   Spells                             Type                      Level
   a - Beastly Appendage              Transmutation                1
   b - Sticks to Snakes               Transmutation                2
   c - Spider Form                    Transmutation/Poison         3
   d - Ice Form                       Ice/Transmutation            4
   e - Blade Hands                    Transmutation                5
Comestibles
 d - a royal jelly
 i - 3 meat rations
 k - 3 fruits
 r - a bread ration


   Skills:
 + Level 4.3 Fighting
 - Level 1.7 Dodging
 + Level 4.1 Unarmed Combat
 - Level 4.1 Spellcasting
 * Level 4.8 Transmutations


You had 4 spell levels left.
You knew the following spells:

 Your Spells              Type           Power        Failure   Level  Hunger
a - Beastly Appendage     Tmut           ###...       2%          1    None
b - Sticks to Snakes      Tmut           ###.....     4%          2    ##.....
c - Spider Form           Tmut/Pois      #.........   22%         3    ###....
d - Ice Form              Ice/Tmut       #.......     56%         4    ####...


Dungeon Overview and Level Annotations

Branches:
Dungeon (4/15)
 Temple: D:4-7

Altars:
Fedhas
Hepliaklqana
Kikubaaqudgha
Nemelex Xobeh
Sif Muna

Shops:
D:4 (=[

Annotations:
D:3 acidapple's ghost, amateur OgTm
D:4 Menkaure


Innate Abilities, Weirdness & Mutations

You are too large for most types of armour.
You have tough skin. (AC +1)


Message History

Acidapple's ghost hits you.
You slide downwards.
The hatch slams shut behind you.
Level annotation: Menkaure A worm and a centaur come into view.
The centaur shouts!
The centaur wields a shortbow.
The centaur shoots an arrow.
The arrow hits you!
* * * LOW HITPOINT WARNING * * *
The centaur shoots an arrow.
The arrow hits you.
* * * LOW HITPOINT WARNING * * *
You see here 2 arrows.
Okay, then.
It was a potion of might.
You feel very mighty all of a sudden.
The centaur shoots an arrow.
The arrow hits you.
* * * LOW HITPOINT WARNING * * *
It was a potion of degeneration.
There was something very wrong with that liquid.
You feel weakened.
You feel dopey.
You feel clumsy.
The centaur shoots an arrow.
The arrow hits you!
You die...

#......###'###########......
#.......M............#......
#....................#......
#....................#......
#...........<........#......
#....................'......
#...................^#...###
....######################
....+......@.....# ..
#..w.........#
#............#
#............#
#............#
#......c.....#
#....######### #####


You could see a centaur and a worm.

Vanquished Creatures
  Eustachio (D:4)
  An orc priest (D:4)
  A bullfrog skeleton (D:4)
  4 orc wizards
  A worker ant (D:4)
  Robin (D:4)
  A gnoll (D:1)
  8 adders
  A shadow imp (D:3)
  4 dart slugs
  4 leopard geckos (D:2)
  18 orcs
  A ball python (D:2)
  7 bats
  3 giant cockroaches
  12 goblins
  9 hobgoblins
  12 jackals
  2 quokkas (D:2)
  5 frilled lizards
  6 kobolds
  4 rats
106 creatures vanquished.

Notes
Turn   | Place    | Note
-------+----------+-------------------------------------------
     0 | D:1      | acidapple the Ogre Transmuter began the quest for the Orb.
     0 | D:1      | Reached XP level 1. HP: 19/19 MP: 3/3
    50 | D:1      | Reached XP level 2. HP: 19/27 MP: 3/5
   331 | D:1      | Reached XP level 3. HP: 23/33 MP: 7/7
  1148 | D:2      | Reached XP level 4. HP: 35/41 MP: 7/9
  2245 | D:2      | Reached XP level 5. HP: 30/49 MP: 9/11
  2394 | D:2      | Learned a level 2 spell: Sticks to Snakes
  2398 | D:2      | Learned a level 3 spell: Spider Form
  2734 | D:3      | Noticed acidapple's ghost (amateur OgTm)
  2956 | D:4      | Noticed Robin
  2975 | D:4      | Killed Robin
  2975 | D:4      | Reached XP level 6. HP: 22/59 MP: 10/12
  2994 | D:4      | Found Keusocal's Armour Shop.
  3374 | D:4      | Found a blossoming altar of Fedhas.
  3380 | D:4      | Found Kang's Jewellery Emporium.
  3392 | D:4      | Noticed Eustachio
  3468 | D:4      | Killed Eustachio
  3468 | D:4      | Reached XP level 7. HP: 20/70 MP: 3/13
  3544 | D:4      | Found Cocy's Antique Weapon Shoppe.
  3571 | D:4      | Noticed Menkaure
  3936 | D:3      | Found a sparkling altar of Nemelex Xobeh.
  4062 | D:3      | Found an ancient bone altar of Kikubaaqudgha.
  4116 | D:3      | Learned a level 4 spell: Ice Form
  4528 | D:3      | Found a hazy altar of Hepliaklqana.
  4638 | D:3      | Found a deep blue altar of Sif Muna.
  4725 | D:4      | Shot with an arrow by a centaur

Skill      XL: |  1  2  3  4  5  6 |
---------------+-------------------+-----
Transmutations | 2 3 4 |  4.8
Unarmed Combat | 3 4 |  4.1
Spellcasting   | 3 4 |  4.1
Fighting       | 2 4 |  4.3
Dodging        | |  1.7

Action                   |  1- 3 |  4- 6 |  7- 9 || total
-------------------------+-------+-------+-------++-------
Melee: Unarmed           |   118 |   276 |    49 ||   443
       Kick              |    11 |    12 |       ||    23
       Headbutt          |     5 |    11 |       ||    16
       Punch             |       |     3 |     1 ||     4
 Cast: Beastly Appendage |    17 |    22 |     2 ||    41
       Spider Form       |       |    11 |     1 ||    12
       Sticks to Snakes  |       |       |     2 ||     2
  Use: Potion            |     3 |       |     2 ||     5
       Scroll            |       |     3 |       ||     3
  Eat: Chunk             |     1 |     9 |       ||    10
       Bread ration      |       |       |     1 ||     1
Armor: Robe              |    41 |    40 |     7 ||    88
       Skin              |       |     8 |     1 ||     9
Dodge: Dodged            |    73 |   153 |    15 ||   241
